 Dungeon Crawl Stone Soup version 0.27-a0-1334-g2746e35aca (webtiles) character file.

Game seed: 17229996156534251199

13 Lanoc the Ducker (level 2, 25/25 HPs)
             Began as a Djinni Monk on June 26, 2021.
             Was a Believer of Trog.
             Got out of the dungeon alive.
             The game lasted 00:00:41 (821 turns).

Lanoc the Ducker (Djinni Monk)                       Turns: 821, Time: 00:00:42

Health: 25/25      AC:  2    Str: 10    XL:     2   Next: 50%
Gold:   0          EV: 13    Int: 11    God:    Trog [**....] SH:  0 Dex: 15

rFire    + + .     SeeInvis .   a - +0 falchion
rCold    x . .     Faith    .   (no shield)
rNeg     . . .     Spirit   .   b - +0 robe
rPois    ∞         Reflect  .   (no helmet)
rElec    .         Harm     .   (no cloak)
rCorr    .         Rampage  .   (no gloves)
Will     .....                  (boots unavailable)
Stlth    ++........             f - amulet of regeneration
HPRegen  1.08/turn              (no ring)
MPRegen  0.00/turn              (no ring)

@: flying
A: sickness immunity, fire resistance 2, cold vulnerability 1, float, innate
caster, hp casting, extra vitality 1
a: Renounce Religion, Berserk, Trog's Hand


You escaped.
You worshipped Trog.
Trog was pleased with you.
You visited 1 branch of the dungeon, and saw 1 of its levels.

Inventory:

Hand Weapons
 a - a +0 falchion (weapon)
Armour
 b - a +0 robe (worn)
Jewellery
 f - an amulet of regeneration (around neck)
Scrolls
 c - a scroll of enchant armour {unknown}
 e - a scroll of identify {unknown}
Potions
 d - a potion of flight {unknown}


   Skills:
 + Level 3.1 Fighting
 * Level 3.0 Long Blades
 + Level 3.5 Dodging
 - Level 1.5 Stealth


You had one spell level left.
You didn't know any spells.
Your spell library was empty.

Dungeon Overview and Level Annotations

Branches:
Dungeon (1/15)

Altars:
Trog


Innate Abilities, Weirdness & Mutations

You are immune to sickness and miasma.
You are immune to poison.
Your flesh is very heat resistant. (rF++)
You are vulnerable to cold. (rC-)
You float through the air rather than walking.
You learn spells naturally, not from books.
Your magical power is your life essence.
You have superior vitality. (+4 HP)


Message History

The hobgoblin is heavily wounded.
The hobgoblin barely misses you.
You hit the hobgoblin.
The hobgoblin is severely wounded.
The hobgoblin misses you.
You closely miss the hobgoblin.
The hobgoblin is severely wounded.
The hobgoblin closely misses you.
You hit the hobgoblin.
You kill the hobgoblin!
Trog accepts your kill.
No target in view!
No target in view!
No target in view!
No target in view!
No target in view!
No target in view!
No target in view!
No target in view!
No target in view!
No target in view!
No target in view!
No target in view!
No target in view!
No target in view!
No target in view!
You reach down and open the door.
There is an open door here.
There is an open door here.
You reach down and open the door.
There is an open door here.
As you open the door, it creaks loudly!
There is an open door here.
Found a stone staircase leading down.
There is an open door here.
Found a whip.
You see here a +2 leather armour of cold resistance.
There is a staircase leading out of the dungeon here.
Are you sure you want to leave the Dungeon?
This will make you lose the game!
You have escaped!

#P#...#..##...#......#......#
########....##♣♣.♣♣..§°§..#.
..........##♣§§♣☼..♣♣§§##.#
#####....## ♣§§♣♣♣§§§.#
#####'##..#.♣♣♣§§∩.§♣○☼§#
#.÷....##.#♣..∩...∩♣..☼§# ..
..#....##.♣♣♣∩..8..∩♣♣..#.#.) .
###....##...∩.......∩.♣.#.... .
#########.♣♣..8.@.8...♣.#..#####.
...######.♣.∩(......∩♣.....>....
†..#...##..♣.∩..8..∩[♣♣.........
...'...'....♣♣∩...∩♣♣§§§.......#
...#...##.§♣♣..∩.∩.§♣..§######.#
...#...##.○⌠§♣♣.♣♣♣♣§§○.######.##
...#######.§§♣§♣♣..♣§#..#........
...# #.§○.§♣'♣♣###..#.####.##
#### #.##.○...####..#.# #.#


There were no monsters in sight!

Vanquished Creatures
  A ball python (D:1)
  An endoplasm (D:1)
  A hobgoblin (D:1)
  4 jackals (D:1)
  A kobold (D:1)
  A quokka (D:1)
  A rat (D:1)
10 creatures vanquished.

Notes
Turn   | Place    | Note
-------+----------+-------------------------------------------
     0 | D:1      | Lanoc the Djinni Monk began the quest for the Orb.
     0 | D:1      | Reached XP level 1. HP: 20/20 MP: 0/0
   355 | D:1      | Reached XP level 2. HP: 6/25 MP: 0/0
   644 | D:1      | Found a faded altar of an unknown god.
   709 | D:1      | Became a worshipper of Trog the Wrathful
   709 | D:1      | Reached * piety under Trog
   709 | D:1      | Reached ** piety under Trog
   821 | D:$      | Got out of the dungeon alive.

Illustrated notes

Levels and vault maps discovered:
D:1:      heliophobic_arrival_enchanted_forest, layout_basic,
          shapermc_ecumenical_altar_mp_urbaneastern

Skill      XL: |  1  2 |
---------------+-------+-----
Long Blades    | 3 |  3.0
Fighting       | |  3.1
Dodging        | |  3.5
Stealth        | |  1.5

Action                   || total
-------------------------++-------
Melee: Falchion          ||    33
 Stab: Sleeping          ||     2
Armor: Robe              ||     3
Dodge: Dodged            ||    25
       Rpst.: Falchion   ||    11

Table legend: (Time is in decaauts)
 A = Elapsed time spent in this place.
 B = Non-inter-level travel time spent in this place.
 C = Inter-level travel time spent in this place.
 D = Time resting spent in this place.
 E = Time spent auto-exploring this place.
 F = Levels seen in this place.
 G = Mean time per level.
                   A        B        C        D        E       F      G
               +--------+--------+--------+--------+--------+-----+--------+
         Total |    826 |    773 |     53 |      0 |    688 |   1 |  826.0 |
       Dungeon |    826 |    773 |     53 |      0 |    688 |   1 |  826.0 |
               +--------+--------+--------+--------+--------+-----+--------+

Top non-repeatable levels by time:
     D:1: 826 daAuts
